 Dungeon Crawl Stone Soup version 0.29.1-15-g9cfb28693d (webtiles) character file.

Game seed: 6970614203844673637

1124 protoss039 the Digger (level 8, 60/60 HPs)
             Began as a Demonspawn Earth Elementalist on Mar 24, 2023.
             Got out of the dungeon alive.
             The game lasted 00:06:55 (5432 turns).

protoss039 the Digger (DsEE)                        Turns: 5432, Time: 00:06:56

Health: 60/60      AC:  9    Str:  8    XL:     8   Next: 13%
Magic:  14/14      EV: 12    Int: 19    God:
Gold:   263        SH:  9    Dex: 14    Spells: 7/15 levels left

rFire   . . .      SeeInvis .   z - +0 short sword (venom)
rCold   . . .      Faith    .   (no shield)
rNeg    . . .      Spirit   .   e - +0 leather armour
rPois   .          Reflect  +   (no helmet)
rElec   .          Harm     .   j - +2 cloak
rCorr   +          Rampage  .   (gloves unavailable)
Will    +....                   v - +2 pair of boots
Stlth   ++........              o - amulet of reflection
HPRegen 0.20/turn               t - ring of resist corrosion
MPRegen 0.14/turn               x - ring of willpower

@: no status effects
A: condensation shield, demonic touch 3
a: no special abilities


You escaped.
You visited 1 branch of the dungeon, and saw 5 of its levels.

You collected 263 gold pieces.

Inventory:

Hand Weapons
 z - a +0 short sword of venom (weapon)
Missiles
 g - a throwing net
Armour
 e - a +0 leather armour (worn)
 j - a +2 cloak (worn)
 v - a +2 pair of boots (worn)
Magical Staves
 m - a staff of air
Jewellery
 o - an amulet of reflection (around neck)
 p - a ring of fire
 t - a ring of resist corrosion (left hand)
 x - a ring of willpower (right hand)
 B - a ring of protection from cold
Wands
 C - a wand of quicksilver (5)
Scrolls
 d - a scroll of poison {unknown}
 h - a scroll of enchant armour {unknown}
 i - 5 scrolls of teleportation
 l - 3 scrolls of immolation {unknown}
 n - 4 scrolls of enchant weapon
 q - a scroll of magic mapping {unknown}
 r - a scroll of identify
 s - a scroll of blinking {unknown}
 u - 4 scrolls of vulnerability
 w - a scroll of summoning {unknown}
 y - 3 scrolls of amnesia {unknown}
 E - a scroll of noise {unknown}
Potions
 a - a potion of resistance {unknown}
 b - 2 potions of magic
 c - 5 potions of heal wounds
 f - 4 potions of curing
 k - 2 potions of degeneration {unknown}
 A - a potion of flight {unknown}
 D - 2 potions of attraction {unknown}


   Skills:
 * Level 4.1 Fighting
 + Level 2.5 Armour
 - Level 3.0 Dodging
 + Level 2.5 Stealth
 * Level 4.4 Spellcasting
 + Level 2.8 Conjurations
 - Level 1.0 Transmutations
 + Level 1.3 Air Magic
 + Level 4.4 Earth Magic
 + Level 1.4 Evocations


You had 7 spell levels left.
You knew the following spells:

 Your Spells              Type           Power      Damage    Failure   Level
a - Sandblast             Erth           42%        2d11      3%          1
b - Passwall              Tmut/Erth      11%        N/A       10%         2
c - Stone Arrow           Conj/Erth      36%        3d9       12%         3
d - Static Discharge      Conj/Air       12%        3-5/arc   12%         2

Your spell library contained the following spells:

 Spells                   Type           Power      Damage    Failure   Level
 Apportation              Tloc           8%         N/A       19%         1
 Necrotise                Necr           16%        1d4       19%         1
 Summon Small Mammal      Summ           16%        N/A       19%         1
 Call Canine Familiar     Summ           4%         N/A       50%         3
 Ozocubu's Armour         Ice            4%         N/A       50%         3
 Portal Projectile        Hex/Tloc       8%         N/A       50%         3
 Petrify                  Tmut/Erth      14%        N/A       52%         4
 Leda's Liquefaction      Hex/Erth       6%         N/A       58%         4
 Lightning Bolt           Conj/Air       6%         1d18      91%         5
 Ozocubu's Refrigeration  Ice            2%         4d7       100%        7
 Maxwell's Capacitive Co  Air            4%         ∞         100%        8


Dungeon Overview and Level Annotations

Branches:
Dungeon (5/15) Zot: 24497
 Temple: D:4-7

Altars:
Kikubaaqudgha
Ru
Trog
Xom

Shops:
D:2 (

Annotations:
D:2 Natasha
D:5 2 transporters


Innate Abilities, Weirdness & Mutations

A meltable shield of frost defends you. (SH +4)
Your touch may irresistibly damage your foes and sap their willpower.


Message History

You see here an adder skeleton.
Partly explored, unvisited transporter.
No target in view!
Partly explored, unvisited transporter.
Partly explored, unvisited transporter.
No target in view!
Partly explored, unvisited transporter.
No target in view!
Partly explored, unvisited transporter.
No target in view!
Partly explored, unvisited transporter.
No target in view!
Partly explored, unvisited transporter.
(D) Dungeon
Where to? (Enter - D:4 @ (x,y), ? - help)
What level of the Dungeon? (default 1, ? - help)
There is a stone staircase leading up here.
You climb upwards.
There is a stone staircase leading down here.
There is an open door here.
There is an open door here.
Things that are here:
a +0 whip; a +0 whip; a +0 club
There is a stone staircase leading up, spattered with blood here.
You climb upwards.
There is a stone staircase leading down here.
There is a stone staircase leading up, spattered with blood here.
You climb upwards.
Level annotation: Natasha
There is a stone staircase leading down here.
There is a stone staircase leading up here.
You climb upwards.
There is a stone staircase leading down here.
There is an open door here.
You see here a +0 club.
There is an open door here.
You see here a +0 leather armour.
There is a staircase leading out of the dungeon here.
Are you sure you want to leave the Dungeon?
This will make you lose the game!
You have escaped!

#####.##########
#..........#
#..≈≈≈≈..8.#
#..........#
#####.######
####'#####
#........#
#.....[..#
#......@.#
#........#
#........#
##########


There were no monsters in sight!

Vanquished Creatures
  Prince Ribbit (D:5)
  3 ogres (D:5)
  2 scorpions
  2 jellies
  4 hounds (D:5)
  A gnoll bouda (D:4)
  An orc priest (D:2)
  Natasha (D:2)
  10 adders
  6 gnolls
  A shadow imp (D:5)
  4 ufetubi
  2 worms (D:4)
  7 dart slugs
  9 orcs
  5 bats
  5 endoplasms
  A giant cockroach (D:3)
  10 goblins
  6 hobgoblins
  4 jackals (D:1)
  A quokka (D:5)
  6 ball pythons
  3 frilled lizards
  10 kobolds
  3 rats
108 creatures vanquished.

Notes
Turn   | Place    | Note
-------+----------+-------------------------------------------
     0 | D:1      | protoss039 the Demonspawn Earth Elementalist began the
                  | quest for the Orb.
     0 | D:1      | Reached XP level 1. HP: 13/13 MP: 3/3
   455 | D:1      | Gained mutation: Your touch may inflict minor irresistible
                  | damage on your foes. [demonic ancestry]
   455 | D:1      | Reached XP level 2. HP: 20/20 MP: 5/5
   496 | D:1      | Reached skill level 1 in Fighting
   842 | D:1      | Found a faded altar of an unknown god.
  1074 | D:1      | Learned a level 2 spell: Passwall
  1123 | D:2      | Gained mutation: Your touch may inflict irresistible damage
                  | on your foes. [demonic ancestry]
  1123 | D:2      | Reached XP level 3. HP: 22/26 MP: 1/6
  1545 | D:2      | Noticed Natasha
  1549 | D:2      | Killed Natasha
  1550 | D:2      | Reached XP level 4. HP: 26/33 MP: 4/8
  1838 | D:2      | Found Hogit's Antique Weapon Shop.
  1985 | D:2      | Learned a level 3 spell: Stone Arrow
  1986 | D:3      | Noticed a scorpion
  1992 | D:3      | Killed a scorpion
  1993 | D:3      | Reached XP level 5. HP: 29/39 MP: 3/9
  2148 | D:3      | Identified the +8 short sword "Plog" {holy, rC++ Int+4
                  | Dex-2 SInv}
  2268 | D:3      | Reached skill level 1 in Conjurations
  2295 | D:2      | Reached skill level 1 in Armour
  2299 | D:2      | Noticed Natasha
  2721 | D:3      | Found a bloodstained altar of Trog.
  3132 | D:4      | Reached XP level 6. HP: 38/46 MP: 6/11
  3399 | D:4      | Found a sacrificial altar of Ru.
  4053 | D:4      | Found an ancient bone altar of Kikubaaqudgha.
  4056 | D:4      | Found a shimmering altar of Xom.
  4306 | D:4      | Learned a level 2 spell: Static Discharge
  4385 | D:5      | Entered Level 5 of the Dungeon
  4391 | D:5      | Reached skill level 1 in Transmutations
  4391 | D:5      | Gained mutation: Your touch may irresistibly damage your
                  | foes and sap their willpower. [demonic ancestry]
  4391 | D:5      | Reached XP level 7. HP: 52/52 MP: 9/12
  4530 | D:5      | Found a transporter.
  4725 | D:5      | Noticed Prince Ribbit
  4739 | D:5      | Killed Prince Ribbit
  4740 | D:5      | Reached skill level 1 in Air Magic
  4740 | D:5      | Reached skill level 1 in Evocations
  4845 | D:5      | Found a transporter.
  4988 | D:5      | Gained mutation: A meltable shield of frost defends you.
                  | (SH +4) [demonic ancestry]
  4988 | D:5      | Reached XP level 8. HP: 58/60 MP: 7/14
  5432 | D:$      | Got out of the dungeon alive.

Illustrated notes

Levels and vault maps discovered:
D:1:      dpeg_arrival_rooms_c, layout_basic,
          shapermc_ecumenical_altar_mp_highgroup, st_stairs_12
D:2:      layout_loops_cross, serial_shops, nicolae_lakefront_shop, uniq_natasha
D:3:      layout_rooms, trog_hazing_becter
D:4:      layout_basic, grunt_temple_overflow_open, dk_noncrumbling_4,
          interstate_on_off, minmay_misc_feat_iff, minmay_starry_boxes
D:5:      gammafunk_wand_slinger, layout_cave_pools,
          hangedman_abyss_or_decor_lesser_grid, serial_park_tiny_1,
          uniq_prince_ribbit1

Skill      XL: |  1  2  3  4  5  6  7  8 |
---------------+-------------------------+-----
Fighting       | 1 2 3 4 |  4.1
Earth Magic    | 3 4 |  4.4
Spellcasting   | 3 4 |  4.4
Conjurations   | 1 2 |  2.8
Armour         | 1 2 |  2.5
Transmutations | 1 |  1.0
Dodging        | 2 3 |  3.0
Stealth        | 2 |  2.5
Air Magic      | 1 |  1.3
Evocations     | 1 |  1.4

Action                   |  1- 3 |  4- 6 |  7- 9 || total
-------------------------+-------+-------+-------++-------
Melee: Short sword       |    44 |    54 |    44 ||   142
       Touch             |     4 |    16 |    12 ||    32
       Whip              |       |    19 |       ||    19
       Punch             |       |     1 |     1 ||     2
 Cast: Sandblast         |    31 |    58 |    20 ||   109
       Static Discharge  |       |       |     3 ||     3
  Use: Scroll            |       |     4 |       ||     4
       Potion            |       |       |     1 ||     1
 Stab: Sleeping          |     2 |     3 |     1 ||     6
Armor: Robe              |     4 |       |       ||     4
       Leather armour    |    19 |    59 |    47 ||   125
Dodge: Dodged            |    35 |    72 |    60 ||   167
Block: Other             |       |    28 |    18 ||    46
       Reflection        |       |     1 |       ||     1
